 Dungeon Crawl Stone Soup version 0.31-a0-848-gaac375c287 (webtiles) character file.

Game seed: 14049886159652694836

35 Flugkiller the Chiller (level 3, -2/26 HPs)
             Began as a Ghoul Ice Elementalist on Oct 4, 2023.
             Slain by a goblin
             ... wielding a +0 dagger
             ... led by Robin
              (3 damage)
             ... on level 2 of the Dungeon.
             The game lasted 00:01:20 (810 turns).

Flugkiller the Chiller (Ghoul Ice Elementalist)      Turns: 810, Time: 00:01:20

Health: -2/26      AC:  2    Str: 11    XL:     3   Next: 33%
Magic:  0/5        EV: 12    Int: 12    God:
Gold:   40         SH:  0    Dex:  9    Spells: 6/7 levels left

rFire   . . .        f - +2 short sword (protect)
rCold   + . .        (no shield)
rNeg    + + +        a - +0 robe
rPois   ∞            (no helmet)
rElec   .            (no cloak)
rCorr   .            (no gloves)
SInv    .            (no boots)
Will    .....        (no amulet)
Stlth   ++           (no ring)
HPRegen 0.00/turn    (no ring)
MPRegen 0.09/turn

%: no passive effects
@: inhibited regen
A: claws 1, cold resistance 1, negative energy resistance 3, inhibited
regeneration, torment resistance 2, devour on kill
a: no special abilities


You were on level 2 of the Dungeon.
You visited 1 branch of the dungeon, and saw 2 of its levels.

You collected 40 gold pieces.

Inventory:

Hand Weapons
 c - a +0 whip
   (You took it off a kobold on level 1 of the Dungeon)
 f - a +2 short sword of protection (weapon)
   (You took it off a kobold on level 1 of the Dungeon)
Armour
 a - a +0 robe (worn)
Scrolls
 e - a scroll of fear {unknown}
 g - a scroll of identify {unknown}
Potions
 b - a potion of magic
 d - a potion of curing {unknown}
 h - a potion of haste {unknown}


   Skills:
 - Level 1.7 Dodging
 - Level 2.1 Stealth
 + Level 2.5 Spellcasting
 + Level 5.0 Ice Magic


You had 6 spell levels left.
You knew the following spells:

 Your Spells              Type           Power      Damage    Failure   Level
a - Freeze                Ice            52%        1d6       3%          1

Your spell library contained the following spells:

 Spells                   Type           Power      Damage    Failure   Level
 Frozen Ramparts          Ice            26%        1d4       10%         3
 Ozocubu's Armour         Ice            13%        N/A       10%         3
 Shock                    Conj/Air       4%         1d3       26%         1
 Dazzling Flash           Conj/Hex       2%         N/A       61%         3
 Swiftness                Air            1%         N/A       61%         3
 Summon Ice Beast         Ice/Summ       7%         N/A       67%         4
 Airstrike                Air            0%         2d(1-17)  95%         4
 Agony                    Necr           1%         N/A       100%        5
 Silence                  Hex/Air        0%         N/A       100%        5


Dungeon Overview and Level Annotations

Branches:
Dungeon (2/15) Zot: 11187

Altars:

Annotations:
D:2 Robin


Innate Abilities, Weirdness & Mutations

You are immune to poison.
You have sharp fingernails.
Your flesh is cold resistant. (rC+)
You are immune to negative energy. (rN+++)
You do not regenerate when monsters are visible.
You are immune to unholy pain and torment.
You thrive by killing the living.


Message History

You kill the goblin!
You feel better. The goblin barely misses you.
The goblin hits you with a +0 club. The hobgoblin hits you.
You climb upwards.
There is a stone staircase leading down here.
You hit the goblin.
Your weapon exudes an aura of protection.
The goblin is heavily wounded.
The hobgoblin barely misses you. The goblin hits you but does no damage.
You barely miss the goblin.
The goblin is heavily wounded.
The hobgoblin hits you but does no damage.
The goblin closely misses you.
You hit the goblin but do no damage.
The goblin is moderately wounded.
The hobgoblin closely misses you. The goblin hits you but does no damage.
You barely miss the goblin.
The goblin is moderately wounded.
The hobgoblin misses you. The goblin hits you but does no damage.
You hit the goblin.
You kill the goblin!
You feel better. The hobgoblin hits you.
Your Ice Magic skill increases to level 5!
You hit the hobgoblin.
The hobgoblin is heavily wounded.
The hobgoblin barely misses you.
You hit the hobgoblin but do no damage. You claw the hobgoblin.
The hobgoblin is heavily wounded.
The hobgoblin barely misses you.
You hit the hobgoblin.
The hobgoblin is almost dead.
The hobgoblin hits you but does no damage.
You hit the hobgoblin.
You kill the hobgoblin!
No target in view!
You see here a hobgoblin corpse.
Things that are here:
a +0 club; a goblin corpse You start resting.
Magic restored.
There is a stone staircase leading down here.
You start resting.
HP restored.
You climb downwards.
Level annotation: Robin The goblin hits you with a +0 dagger.
The goblin hits you but does no damage. The goblin barely misses you.
There is a stone staircase leading up here.
Casting: Freeze (safe; 3% risk of failure)
Confirm with . or Enter, or press ? or * to list all spells.
Aiming: Freeze (safe; 3% risk of failure)
Press: ? - help, Shift-Dir - straight line, f - goblin
Aim: a goblin, wielding a +0 club You freeze the goblin.
You kill the goblin!
You feel better. The goblin hits you with a +0 dagger.
Casting: Freeze (safe; 3% risk of failure)
Confirm with . or Enter, or press ? or * to list all spells.
Aiming: Freeze (safe; 3% risk of failure)
Press: ? - help, Shift-Dir - straight line, f - hobgoblin
Aim: a hobgoblin You freeze the hobgoblin.
The hobgoblin is heavily wounded.
The hobgoblin misses you. The goblin hits you with a +0 dagger.
Casting: Freeze (safe; 3% risk of failure)
Confirm with . or Enter, or press ? or * to list all spells.
Aiming: Freeze (safe; 3% risk of failure)
Press: ? - help, Shift-Dir - straight line, f/p - hobgoblin
Aim: a hobgoblin (heavily wounded)
You freeze the hobgoblin.
The hobgoblin is severely wounded.
The hobgoblin hits you. The goblin hits you with a +0 dagger.
Casting: Freeze (safe; 3% risk of failure)
Confirm with . or Enter, or press ? or * to list all spells.
Aiming: Freeze (safe; 3% risk of failure)
Press: ? - help, Shift-Dir - straight line, f/p - hobgoblin
Aim: a hobgoblin (severely wounded)
You freeze the hobgoblin.
You kill the hobgoblin!
You feel better. Robin throws the goblin at you!
The goblin hits you with a +0 club. The goblin hits you with a +0 dagger.
Casting: Freeze (safe; 3% risk of failure)
Confirm with . or Enter, or press ? or * to list all spells.
Aiming: Freeze (safe; 3% risk of failure)
Press: ? - help, Shift-Dir - straight line, f - goblin
Aim: a goblin, wielding a +0 club You freeze the goblin.
The goblin is severely wounded.
Robin roars a battlecry!
The goblins go into a battle-frenzy!
The goblin hits you but does no damage. The goblin hits you with a +0 dagger.
You closely miss the goblin. The goblin hits you with a +0 club.
* * * LOW HITPOINT WARNING * * *
The goblin hits you with a +0 dagger.
* * * LOW HITPOINT WARNING * * *
Okay, then.
You miss the goblin. The goblin misses you.
The goblin hits you but does no damage.
You barely miss the goblin. The goblin completely misses you.
The goblin hits you with a +0 dagger.
You die...

..# #......l....# #.#
#...g...#...# #.#
#........... #.#
#....gg.... #.#
+......g..# #.#
#.........# #.#
#.........#######.####.##
#....gglg@g.........#
#....########.#######
#.............#
#.###########.# #. #.# ..
### ##


You could see Robin, 3 goblins and a frilled lizard.

Vanquished Creatures
  A dart slug (D:1)
  4 bats (D:1)
  An endoplasm (D:1)
  3 giant cockroaches (D:1)
  5 goblins
  6 hobgoblins
  3 kobolds (D:1)
  A ball python (D:1)
  2 frilled lizards (D:1)
  2 rats (D:1)
28 creatures vanquished.

Notes
Turn   | Place    | Note
-------+----------+-------------------------------------------
     0 | D:1      | Flugkiller the Ghoul Ice Elementalist began the quest for
                  | the Orb.
     0 | D:1      | Reached XP level 1. HP: 14/14 MP: 2/2
   187 | D:1      | Reached XP level 2. HP: 20/20 MP: 0/4
   565 | D:1      | Reached XP level 3. HP: 26/26 MP: 5/5
   758 | D:2      | Noticed Robin
   777 | D:1      | Reached skill level 5 in Ice Magic
   808 | D:2      | HP: 1/26 [goblin/+0 dagger[Robin] (4)]
   810 | D:2      | Slain by a goblin

Illustrated notes

Levels and vault maps discovered:
D:1:      minmay_arrival_wavy_path, layout_basic
D:2:      minmay_wonky_spiral, layout_basic, serial_shops, shop, uniq_robin

Skill      XL: |  1  2  3 |
---------------+----------+-----
Spellcasting   | 2 |  2.5
Ice Magic      | 5 |  5.0
Dodging        | |  1.7
Stealth        | |  2.1

Action                     || total
---------------------------++-------
  Melee: Unarmed           ||    18
         Whip              ||    23
         Short sword       ||    17
         Punch             ||     1
   Cast: Freeze            ||    28
   Stab: Sleeping          ||     1
 Armour: Robe              ||    59
  Dodge: Dodged            ||    64

Table legend: (Time is in decaauts)
 A = Elapsed time spent in this place.
 B = Non-inter-level travel time spent in this place.
 C = Inter-level travel time spent in this place.
 D = Time resting spent in this place.
 E = Time spent auto-exploring this place.
 F = Levels seen in this place.
 G = Mean time per level.
                   A        B        C        D        E       F      G
               +--------+--------+--------+--------+--------+-----+--------+
         Total |    812 |    800 |     12 |    175 |    413 |   2 |  406.0 |
       Dungeon |    812 |    800 |     12 |    175 |    413 |   2 |  406.0 |
               +--------+--------+--------+--------+--------+-----+--------+

Top non-repeatable levels by time:
     D:1: 771 daAuts
     D:2: 40 daAuts
